 Dungeon Crawl Stone Soup version 0.32-a0-675-gdc239d62e1 (webtiles) character file.

Game seed: 827023199822862877

2 TheMeInTeam the Sneak (level 1, 0/18 HPs)
             Began as a Coglin Delver on Mar 11, 2024.
             Succumbed to an adder's poison
             ... on level 2 of the Dungeon.
             The game lasted 00:02:52 (240 turns).

TheMeInTeam the Sneak (Coglin Delver)                Turns: 240, Time: 00:02:53

Health: 0/18       AC:  3    Str: 12    XL:     1   Next: 30%
Magic:  1/1        EV: 11    Int:  9    God:
Gold:   25         SH:  0    Dex: 15    Spells: 0/0 levels left

rFire   . . .        a - +0 short sword {Aula}
rCold   . . .        h - +0 dagger {Sebastián}
rNeg    . . .        b - +0 leather armour
rPois   .            (no helmet)
rElec   .            (no cloak)
rCorr   .            (no gloves)
SInv    .            (no boots)
Will    .....        (amulet unavailable)
Stlth   ++           (ring unavailable)
HPRegen 0.23/turn    (ring unavailable)
MPRegen 0.07/turn    (no gizmo)

%: no passive effects
@: lethally poisoned (0 -> -1), revving
A: off-hand wielding, slow wielding, warmup strikes, no jewellery
a: Invent Gizmo


You were on level 2 of the Dungeon.
You visited 1 branch of the dungeon, and saw 4 of its levels.

You collected 25 gold pieces.

Inventory:

Hand Weapons
 a - a +0 short sword (weapon) {Aula}
 h - a +0 dagger (offhand) {Sebastián}
Armour
 b - a +0 leather armour (worn)
Wands
 g - a wand of digging (2)
Scrolls
 c - a scroll of fog
 d - a scroll of teleportation
Potions
 f - a potion of haste


   Skills:
 * Level 3.0 Fighting
 * Level 1.8 Short Blades
 - Level 1.7 Dodging
 - Level 4.1 Stealth


You couldn't memorise any spells.
You didn't know any spells.
Your spell library was empty.

Dungeon Overview and Level Annotations

Branches:
Dungeon (5/15)
 Temple: D:4-7

Altars:

Annotations:
D:4 2 transporters, exclusion: hobgoblin, Krumphau's ghost, amateur DsMo
D:5 Ijyb, Robin


Innate Abilities, Weirdness & Mutations

You can wield a second weapon in your off-hand.
It takes a long time for you to wield or remove held weapons.
Your first few attacks do less damage.
You cannot equip rings or amulets.


Message History

Welcome, TheMeInTeam the Coglin Delver.
Everyone else who sought the Orb of Zot has failed.
Will you be different?
Press ? for a list of commands and other information.
Found a stone staircase leading down.
Okay, then.
You open the door.
Found a stone staircase leading down.
Found a scroll labelled FAS LIANAS.
There is an open door here.
Ijyb, Robin, 6 goblins and an orc come into view.
Ijyb is wielding a +0 club and carrying a wand of iceblast.
Ijyb shouts!
The hobgoblin shouts!
The goblin shouts!
Ijyb zaps a wand.
The mass of ice explodes!
The iceblast engulfs you.
Robin shouts!
The hobgoblin shouts!
The orc shouts!
There is an open door here.
Okay, then.
Okay, then.
As you read the scroll of revelation, it crumbles to dust.
You feel aware of your surroundings.
You sensed 1 shop/portal.
Found a stone staircase leading up.
Aiming: Dig
Press: ? - help, Shift-Dir - straight line A rock wall.
The rock shatters into small pieces.
There is a stone staircase leading up here.
You climb upwards.
Found 14 gold pieces.
There is a stone staircase leading down here.
You start resting.
HP restored.
Okay, then.
Okay, then.
Found 11 gold pieces and 6 stones.
You now have 14 gold pieces.
Found a war axe.
An orc comes into view. It is wielding a +0 falchion.
Found 11 gold pieces.
Found 15 gold pieces.
You now have 25 gold pieces (gained 11).
Found a transporter.
Found a transporter.
A hobgoblin comes into view.
Found a scroll labelled VUMMIGEISORPH and 11 gold pieces.
Found a stone staircase leading down.
Found 10 gold pieces.
Found a leather armour and 2 scrolls labelled CYJOV GAEDDUDU.
d - 2 scrolls labelled CYJOV GAEDDUDU
Found a stone staircase leading up.
There is a stone staircase leading up here.
You climb upwards.
Found 10 gold pieces.
Found an escape hatch in the floor.
Found a stone staircase leading up.
There is a stone staircase leading down here.
Found a scroll labelled NYMPYLA GENOO.
The bat barely misses you.
You closely miss the bat with your +0 short sword.
You hit the bat with your +0 dagger. The bat closely misses you.
The bat hits you.
You completely miss the bat with your +0 short sword.
The bat is moderately wounded.
You hit the bat with your +0 dagger. The bat barely misses you.
The bat hits you. The bat hits you but does no damage.
You closely miss the bat with your +0 short sword.
The bat is heavily wounded.
You hit the bat but do no damage. The bat misses you.
You hit the bat with your +0 dagger.
The bat is severely wounded.
You hit the bat but do no damage. The bat hits you.
You hit the bat with your +0 short sword.
You kill the bat!
No target in view!
There is a stone staircase leading up here.
You start resting.
HP restored.
You climb upwards.
Found an escape hatch in the ceiling and an escape hatch in the floor.
There is a stone staircase leading down here.
There is an escape hatch in the ceiling here.
A kobold comes into view. It is wielding a +0 short sword.
There is an escape hatch in the ceiling here.
The kobold shouts!
There is an escape hatch in the ceiling here.
You hit the kobold with your +0 dagger.
The kobold is moderately wounded.
You completely miss the kobold with your +0 short sword.
You barely miss the kobold with your +0 short sword.
The kobold is moderately wounded.
You hit the kobold with your +0 dagger.
You kill the kobold!
No target in view!
An adder comes into view.
You see here a +0 short sword.
The adder hisses angrily.
Okay, then.
Okay, then.
As you read the scroll labelled CYJOV GAEDDUDU, it crumbles to dust.
You feel strangely unstable.
It was a scroll of teleportation.
Found a stone staircase leading up.
Your surroundings suddenly seem different.
An adder and a goblin come into view.
Found three items.
Found a scroll of fear.
Found a stone staircase leading down.
The adder barely misses you.
You hit the adder with your +0 short sword.
The adder is lightly wounded.
You miss the adder with your +0 dagger. The adder bites you.
You are poisoned.
The adder poisons you!
You hit the adder with your +0 dagger.
The adder is heavily wounded.
You hit the adder with your +0 short sword.
You feel sick. The adder closely misses you.
You hit the adder with your +0 dagger.
The adder is almost dead.
You barely miss the adder with your +0 short sword.
The adder barely misses you.
You barely miss the adder with your +0 short sword.
The adder is almost dead.
You miss the adder with your +0 dagger.
You feel sick. The adder bites you.
You miss the adder with your +0 dagger.
The adder is almost dead.
You barely miss the adder with your +0 short sword.
You feel sick. The adder bites you.
You closely miss the adder with your +0 dagger.
The adder is almost dead.
You barely miss the adder with your +0 short sword.
You feel sick. The adder closely misses you. The adder bites you.
You barely miss the adder with your +0 short sword.
The adder is almost dead.
You hit the adder but do no damage.
You feel sick.
You are no longer poisoned.
The adder bites you.
* * * LOW HITPOINT WARNING * * *
You are lethally poisoned!
The adder poisons you!
Okay, then.
As you read the scroll of fear, it crumbles to dust.
You assume a fearsome visage.
The adder looks frightened!
* * * LOW HITPOINT WARNING * * *
You feel sick.
Okay, then.
Okay, then.
* * * LOW HITPOINT WARNING * * *
You feel sick.
* * * LOW HITPOINT WARNING * * *
You feel sick.
You die...

... .# #.. #...#..
....#..###########+
#.................
#...?.............
#.................
#....S.@..........
#.................
#.......#######...
##....####### .
#.#........g
.......##.#####
....... ... .).....
..# ....... ..#


You could see an adder (fleeing).

Vanquished Creatures
  A bat (D:3)
  A kobold (D:2)
2 creatures vanquished.

Notes
Turn   | Place    | Note
-------+----------+-------------------------------------------
     0 | D:5      | TheMeInTeam the Coglin Delver began the quest for the Orb.
     0 | D:5      | Reached XP level 1. HP: 18/18 MP: 1/1
     9 | D:5      | Noticed Ijyb
     9 | D:5      | Noticed Robin
   110 | D:4      | Found a transporter.
   111 | D:4      | Found a transporter.
   112 | D:4      | Noticed Krumphau's ghost (amateur DsMo)
   117 | D:4      | Noticed an ogre
   240 | D:2      | Succumbed to an adder's poison

Illustrated notes

Levels and vault maps discovered:
D:2:      layout_basic
D:3:      layout_basic, bloody_trog, lemuel_crystal_altar,
          chequers_ecumenical_altar_grove
D:4:      layout_basic, nicolae_sif_muna_little_library,
          mainiacjoe_overflow_brackets, gammafunk_ghost_smash,
          nicolae_concentric_dashed_squares_wild
D:5:      layout_gridville, serial_shops, shop, nicolae_goblin_pals,
          uniq_menkaure, uniq_pikel, uniq_prince_ribbit1

Action                     || total
---------------------------++-------
  Melee: Short sword       ||    14
         Dagger            ||    13
  Evoke: Wand              ||     1
    Use: Scroll            ||     3
 Armour: Leather armour    ||    10
  Dodge: Dodged            ||     8

Table legend: (Time is in decaauts)
 A = Elapsed time spent in this place.
 B = Non-inter-level travel time spent in this place.
 C = Inter-level travel time spent in this place.
 D = Time resting spent in this place.
 E = Time spent auto-exploring this place.
 F = Levels seen in this place.
 G = Mean time per level.
                   A        B        C        D        E       F      G
               +--------+--------+--------+--------+--------+-----+--------+
         Total |    238 |    238 |      0 |     11 |      0 |   4 |   59.5 |
       Dungeon |    238 |    238 |      0 |     11 |      0 |   4 |   59.5 |
               +--------+--------+--------+--------+--------+-----+--------+

Top non-repeatable levels by time:
     D:4: 156 daAuts
     D:2: 41 daAuts
     D:5: 24 daAuts
     D:3: 16 daAuts
